 Dungeon Crawl Stone Soup version 0.25-a0-699-g25a338df49 (webtiles) character file.

Game seed: 1968320316492717646, levelgen mode: deterministic

48 DasRunzen the Conjurer (level 3, -4/28 HPs)
             Began as a Demigod Conjurer on Apr 2, 2020.
             Slain by Sigmund
             ... wielding a +0 scythe
              (12 damage)
             ... on level 2 of the Dungeon.
             The game lasted 00:02:59 (694 turns).

DasRunzen the Conjurer (Demigod Conjurer)            Turns: 694, Time: 00:03:00

Health: -4/28      AC:  2    Str: 11    XL:     3   Next: 30%
Magic:  2/8        EV: 13    Int: 21    God:
Gold:   51         SH:  0    Dex: 16    Spells: 3/6 levels left

rFire    . . .     SeeInvis .   (no weapon)
rCold    . . .     Gourm    +   (no shield)
rNeg     . . .     Faith    .   a - +0 robe
rPois    .         Spirit   .   (no helmet)
rElec    .         Reflect  .   (no cloak)
rCorr    .         Harm     .   (no gloves)
MR       .....                  (no boots)
Stlth    ++........             b - amulet of the gourmand
HPRegen  0.09/turn              (no ring)
MPRegen  0.11/turn              (no ring)

@: no status effects
A: high mp 1
a: no special abilities


You were on level 2 of the Dungeon.
You were not hungry.

You visited 1 branch of the dungeon, and saw 2 of its levels.

You collected 51 gold pieces.

Inventory:

Armour
 a - a +0 robe (worn)
Jewellery
 b - an amulet of the gourmand (around neck)
Scrolls
 d - a scroll of amnesia {unknown}
 e - a scroll of fear {unknown}
 f - 2 scrolls of remove curse {unknown}
 g - a scroll of teleportation {unknown}
Comestibles
 c - 2 rations


   Skills:
 + Level 1.2 Fighting
 + Level 2.3 Dodging
 - Level 1.7 Stealth
 + Level 2.2 Spellcasting
 + Level 3.9 Conjurations


You had 3 spell levels left.
You knew the following spells:

 Your Spells              Type           Power        Failure   Level  Hunger
a - Magic Dart            Conj           ###.         2%          1    #......
b - Searing Ray           Conj           ###...       4%          2    ##.....

Your spell library contained the following spells:

 Spells                   Type           Power        Failure   Level  Hunger
 Dazzling Flash           Conj/Hex       ##....       19%         3    ###....
 Fulminant Prism          Conj/Hex       ##........   54%         4    #####..
 Iskenderun's Mystic Bla  Conj/Tloc      ##......     54%         4    #####..


Dungeon Overview and Level Annotations

Branches:
Dungeon (1/15)

Annotations:
D:2 Sigmund


Innate Abilities, Weirdness & Mutations

You have an increased reservoir of magic. (+10% MP)


Message History

Unknown command.
You're too confused to cast spells.
You bump into the rock wall.
Something hits you but does no damage.
The kobold throws a stone.
The stone closely misses you. Something barely misses you.
You see here a stone.
The kobold throws a stone.
The stone barely misses you. Something hits you!
The kobold throws a stone.
The stone closely misses you.
You see here a stone.
You bump into the rock wall.
Something hits you.
* * * LOW HITPOINT WARNING * * *
You feel less confused.
Casting: Searing Ray (safe; 4% risk of failure)
Confirm with . or Enter, or press ? or * to list all spells.
Aiming: Searing Ray (safe; 4% risk of failure)
Press: ? - help, Shift-Dir - straight line The searing ray hits something! (Press . to maintain the ray.)
Something hits you!
You die...

.....# ###### #..
..÷..###....####...
.....(##†.†.[....#
#...†......########
##..###..#..###.....
###......).#..##...)..
#......###............
.####.#.(#?###.####.......
.....K..(@.....####.......
##....#.##%###.....>......
#=####.##.# #..###.......
#. #.##.#....# ##......
..##...##.# ##.....
###...# #.# ##### ...##
#.# ##.# #.# ... #.#


You could see a kobold.

Vanquished Creatures
  3 adders (D:2)
  A dart slug (D:1)
  2 leopard geckos
  2 giant cockroaches
  2 hobgoblins (D:1)
  2 kobolds (D:1)
  A bat (D:1)
  3 goblins
  2 rats
18 creatures vanquished.

Notes
Turn   | Place    | Note
-------+----------+-------------------------------------------
     0 | D:1      | DasRunzen the Demigod Conjurer began the quest for the Orb.
     0 | D:1      | Reached XP level 1. HP: 14/14 MP: 5/5
   259 | D:1      | Reached XP level 2. HP: 15/22 MP: 0/7
   467 | D:1      | You fall into a shaft and drop 1 floor!
   508 | D:2      | Reached skill level 1 in Fighting
   547 | D:2      | Reached XP level 3. HP: 28/28 MP: 0/8
   637 | D:2      | Noticed Sigmund
   680 | D:2      | Learned a level 2 spell: Searing Ray
   694 | D:2      | Slain by Sigmund

Levels and vault maps discovered:
D:1:      lemuel_arrival_broad_hall, layout_loops_ring
D:2:      layout_rooms, lemuel_round_altar, lemuel_crystal_altar, uniq_sigmund,
          uniq_crazy_yiuf_cottage

Skill      XL: |  1  2 |
---------------+-------+-----
Dodging        | 2 |  2.3
Spellcasting   | 2 |  2.2
Fighting       | 1 |  1.2
Stealth        | |  1.7
Conjurations   | |  3.9

Action                   || total
-------------------------++-------
Melee: Unarmed           ||    35
 Cast: Magic Dart        ||    48
       Searing Ray       ||     2
Armor: Robe              ||    10
Dodge: Dodged            ||    28

Table legend:
 A = Non-vault XP
 B = Vault XP
 C = Vault XP percentage of total XP
 D = Non-vault monster count
 E = Vault monster count
 F = Vault count percentage of total count
                 A         B        C        D         E       F
            +---------+---------+-------+---------+---------+-------
      Total |      69 |       0 |   0.0 |      18 |       0 |   0.0
            +---------+---------+-------+---------+---------+-------
        D:1 |      20 |       0 |   0.0 |      10 |       0 |   0.0
        D:2 |      49 |       0 |   0.0 |       8 |       0 |   0.0
            +---------+---------+-------+---------+---------+-------
